 Dungeon Crawl Stone Soup version 0.27-a0-531-gb72ec1a1b6 (webtiles) character file.

Game seed: 646566844049386623

34 Morbidden the Insei (level 3, -10/23 HPs)
             Began as an Octopode Transmuter on Mar 5, 2021.
             Mangled by a worm (11 damage)
             ... on level 2 of the Dungeon.
             The game lasted 00:01:16 (1858 turns).

Morbidden the Insei (Octopode Transmuter)           Turns: 1858, Time: 00:01:16

Health: -10/23     AC:  1    Str:  9    XL:     3   Next: 31%
Magic:  6/6        EV: 13    Int: 16    God:
Gold:   43         SH:  0    Dex: 12    Spells: 5/6 levels left

rFire    . . .     SeeInvis .     - Unarmed
rCold    . . .     Faith    .   (no shield)
rNeg     . . .     Spirit   .   (helmet currently unavailable)
rPois    .         Reflect  .   (no amulet)
rElec    .         Harm     .   (no ring)
rCorr    .         Rampage  .   (no ring)
Will     .....                  (no ring)
Stlth    ++........             (no ring)
HPRegen  0.07/turn              (no ring)
MPRegen  0.10/turn              (no ring)
                                (no ring)
                                (no ring)

@: appendages (expiring)
A: almost no armour, amphibious, 8 rings, constrict 8, tentacle spike 3,
camouflage 1, gelatinous body 1, nimble swimmer 1
a: End Transformation


You were on level 2 of the Dungeon.
One of your tentacles had a temporary spike.
You visited 1 branch of the dungeon, and saw 2 of its levels.

You collected 43 gold pieces.

Inventory:

Missiles
 d - 6 javelins (quivered)
Jewellery
 k - a ring of positive energy
Scrolls
 a - a scroll of blinking {unknown}
 b - 2 scrolls of identify {unknown}
 e - a scroll of teleportation {unknown}
 f - a scroll of fear {unknown}
Potions
 c - a potion of flight {unknown}
 g - a potion of ambrosia {unknown}
 h - a potion of curing {unknown}
 i - a potion of mutation {unknown}
 j - 2 potions of heal wounds {unknown}


   Skills:
 + Level 1.0 Fighting
 + Level 2.3 Dodging
 + Level 0.3 Stealth
 + Level 3.8 Unarmed Combat
 + Level 2.1 Spellcasting
 + Level 2.2 Transmutations


You had 5 spell levels left.
You knew the following spells:

 Your Spells              Type           Power      Damage    Failure   Level
a - Beastly Appendage     Tmut           16%        N/A       9%          1

Your spell library contained the following spells:

 Spells                   Type           Power      Damage    Failure   Level
 Wereblood                Tmut           8%         N/A       12%         2
 Spider Form              Tmut/Pois      2%         N/A       36%         3
 Ice Form                 Ice/Tmut       5%         N/A       78%         4
 Blade Hands              Tmut           4%         N/A       92%         5


Dungeon Overview and Level Annotations

Branches:
Dungeon (2/15)

Altars:


Innate Abilities, Weirdness & Mutations

You cannot wear most types of armour.
You are amphibious.
You can wear up to eight rings at the same time.
You can use your tentacles to constrict eight enemies at once.
Your skin changes colour to match your surroundings (Stealth+).
Your rubbery body absorbs attacks. (AC +1, EV +1)
You are stealthy while swimming. (Stealth+)
One of your tentacles bears a large vicious spike.


Message History

You start resting.
HP restored.
You start waiting.
Done waiting.
You start waiting.
Done waiting.
There is a stone staircase leading down here.
Casting: Beastly Appendage (safe; 9% risk of failure)
Confirm with . or Enter, or press ? or * to list all spells.
One of your tentacles grows a vicious spike.
You climb downwards.
The jackal closely misses you. The jackal bites you. The worm misses you.
There is a stone staircase leading up here.
You barely miss the worm. You grab the worm. You constrict the worm.
The jackal closely misses you.
You tentacle-slap the worm.
The worm is moderately wounded.
You constrict the worm.
The jackal bites you. x2; The worm bites you.
You tentacle-slap the worm.
Your tentacle spike misses the worm.
The worm is heavily wounded.
You constrict the worm. The jackal bites you.
Unknown command.
You tentacle-slap the jackal. Your grab misses the jackal.
The jackal is heavily wounded.
You constrict the worm. The jackal bites you. The worm bites you!
* * * LOW HITPOINT WARNING * * *
Unknown command.
Unknown command.
You tentacle-slap the worm.
The worm is severely wounded.
Your transformation is almost over.
You constrict the worm. The jackal bites you.
* * * LOW HITPOINT WARNING * * *
The jackal bites you.
* * * LOW HITPOINT WARNING * * *
Unknown command.
Unknown command.
Okay, then.
You release your grip on the worm.
The worm bites you!
You die...

.### ?.. .. . # ##.#
.# #.### ##..# #..#
##....##..######.....
............w.....#.#
#........h@.......
#.$....)########.....
#.###.#.# ##. #..#..
... ##. #### .w ..
...


You could see a worm and a jackal.

Vanquished Creatures
  A dart slug (D:1)
  A giant cockroach (D:1)
  7 goblins
  5 hobgoblins (D:1)
  6 jackals
  2 kobolds (D:1)
  A bat (D:1)
  A frilled lizard (D:1)
  2 rats (D:1)
26 creatures vanquished.

Notes
Turn   | Place    | Note
-------+----------+-------------------------------------------
     0 | D:1      | Morbidden the Octopode Transmuter began the quest for the
                  | Orb.
     0 | D:1      | Reached XP level 1. HP: 13/13 MP: 3/3
   463 | D:1      | Reached XP level 2. HP: 18/18 MP: 5/5
   733 | D:1      | Reached XP level 3. HP: 15/23 MP: 6/6
  1857 | D:2      | HP: 1/23 [jackal (1)]
  1858 | D:2      | Mangled by a worm

Illustrated notes

Levels and vault maps discovered:
D:1:      ebering_trefoil_twist, layout_loops_corners
D:2:      layout_rooms, lemuel_doored_altar

Action                   || total
-------------------------++-------
Melee: Unarmed           ||    61
       Kick              ||     9
       Constrict         ||    15
       Punch             ||     2
       Tentacles         ||     4
Throw: Javelin           ||     1
 Cast: Beastly Appendage ||    13
 Stab: Sleeping          ||     2
Armor: Skin              ||     6
Dodge: Dodged            ||    50

Table legend: (Time is in decaauts)
 A = Elapsed time spent in this place.
 B = Non-inter-level travel time spent in this place.
 C = Inter-level travel time spent in this place.
 D = Time resting spent in this place.
 E = Time spent auto-exploring this place.
 F = Levels seen in this place.
 G = Mean time per level.
                   A        B        C        D        E       F      G
               +--------+--------+--------+--------+--------+-----+--------+
         Total |   1855 |   1789 |     66 |    572 |   1035 |   2 |  927.5 |
       Dungeon |   1855 |   1789 |     66 |    572 |   1035 |   2 |  927.5 |
               +--------+--------+--------+--------+--------+-----+--------+

Top non-repeatable levels by time:
     D:1: 1829 daAuts
     D:2: 26 daAuts
